Map: Ulrena

Players

ShoWTimE - Winner!

  • Race: Protoss Protoss
  • League: Master

MarineLorD

  • Race: Terran Terran
  • League: Master

Event: DreamHack ZOWIE Open Leipzig

VOD

https://www.youtube.com/watch?v=30vgZ3wWY6s

Description

Time

  • Played on: Jan. 22, 2016, 10:56 a.m.
  • Length: 17:03

All games in this series

Show
View Real Time Build Order
Export as new Build Order

ShoWTimE Protoss - Winner!

Build Orders: 1 Gate Expand 

Get SALT Encoding   

  12  0:09  Pylon  
  12  0:13  Probe (Chrono Boost)  
  13  0:23  Probe (Chrono Boost)  
  14  0:30  Gateway  
  14  0:35  Probe (Chrono Boost)  
  15  0:42  Assimilator  
  15  0:45  Probe (Chrono Boost)  
  16  0:56  Probe (Chrono Boost)  
  17  1:06  Probe (Chrono Boost)  
  18  1:17  Cybernetics Core, Probe (Chrono Boost)  
  19  1:38  Nexus  
  19  1:48  Pylon  
  19  1:53  Mothership Core (Chrono Boost)  
  21  1:59  Adept (Chrono Boost)  
  23  2:04  Assimilator  
  23  2:12  Probe (Chrono Boost), Warp Gate  
  24  2:27  Adept (Chrono Boost)  
  24  2:28  Probe  
  27  2:40  Probe  
  28  2:52  Probe (Chrono Boost)  
  28  2:53  Probe (Chrono Boost)  
  30  3:01  Stargate  
  30  3:04  Probe (Chrono Boost)  
  30  3:05  Probe (Chrono Boost)  
  32  3:11  Pylon  
  32  3:14  Probe (Chrono Boost)  
  32  3:15  Probe (Chrono Boost)  
  32  3:16  Adept  
  36  3:20  Assimilator  
  36  3:25  Probe (Chrono Boost)  
  36  3:26  Probe (Chrono Boost)  
  38  3:36  Probe (Chrono Boost)  
  38  3:37  Probe (Chrono Boost)  
  40  3:46  Probe (Chrono Boost)  
  40  3:47  Probe (Chrono Boost)  
  42  3:49  Fleet Beacon  
  44  3:57  Probe (Chrono Boost)  
  44  3:59  Probe (Chrono Boost)  
  46  4:07  Probe  
  46  4:08  Probe  
  46  4:09  Oracle (Chrono Boost)  
  49  4:12  Pylon  
  49  4:18  Probe  
  49  4:19  Probe, Assimilator  
  49  4:22  Adept  
  53  4:29  Probe  
  54  4:31  Probe  
  55  4:41  Probe, Tempest (Chrono Boost)  
  55  4:43  Pylon  
  55  4:45  Probe  
  61  4:54  Gateway  
  61  4:57  Gateway  
  61  5:02  Twilight Council  
  61  5:11  Probe  
  61  5:13  Probe  
  63  5:18  Tempest (Chrono Boost)  
  67  5:22  Probe, Pylon  
  67  5:25  Probe  
  69  5:29  Pylon  
  69  5:33  Probe  
  70  5:36  Pylon  
  70  5:40  Probe  
  71  5:44  Probe  
  72  5:53  Probe  
  72  5:55  Tempest (Chrono Boost)  
  77  6:02  Adept  
  79  6:08  Probe, Resonating Glaives (Chrono Boost)  
  76  6:14  Nexus  
  76  6:17  Pylon  
  76  6:19  Adept x2  
  76  6:24  Gateway  
  80  6:28  Gateway  
  80  6:32  Gateway  
  80  6:33  Probe x2  
  80  6:35  Gateway  
  80  6:37  Pylon  
  82  6:41  Adept  
  82  6:45  Probe  
  82  6:46  Probe  
  86  6:55  Pylon  
  86  6:57  Sentry x2, Probe  
  91  7:01  Dark Shrine  
  91  7:04  Probe  
  91  7:06  Adept  
  94  7:09  Probe  
  94  7:13  Pylon  
  95  7:19  Probe  
  95  7:21  Probe  
  97  7:24  Adept x3  
  97  7:27  Adept x2  
  107  7:31  Adept x2  
  111  7:45  Adept x2  
  111  7:46  Pylon x2  
  111  7:48  Pylon  
  111  7:50  Pylon  
  113  7:52  Adept x3  
  113  7:53  Adept  
  117  8:02  Adept  
  112  8:06  Adept x2  
  116  8:14  Dark Templar x2  
  116  8:18  Dark Templar, Adept  
  124  8:25  Adept  
  124  8:26  Adept  
  124  8:27  Adept  
  130  8:34  Pylon  
  130  8:37  Pylon  
  130  8:40  Mothership Core  
  130  8:44  Dark Templar  
  130  8:46  Adept x3  
  130  8:47  Probe  
  135  8:48  Probe  
  135  8:52  Adept x3  
  130  8:57  Probe  
  130  9:00  Probe  
  132  9:08  Pylon  
  132  9:10  Stalker x3  
  132  9:12  Adept x2  
  132  9:13  Adept  
  140  9:21  Adept  
  142  9:25  Templar Archives  
  142  9:29  Pylon  
  142  9:38  Adept x6  
  142  9:39  Probe x2  
  112  9:51  Assimilator  
  112  9:52  Assimilator  
  112  9:55  Dark Templar  
  114  10:00  Probe  
  114  10:03  Dark Templar, Forge  
  114  10:04  Dark Templar  
  119  10:10  Nexus  
  119  10:11  Pylon  
  119  10:22  Psionic Storm  
  119  10:29  Zealot x5  
  119  10:31  Protoss Ground Weapons Level 1 (Chrono Boost)  
  119  10:32  Probe  
  130  10:39  Charge (Chrono Boost)  
  130  10:40  Robotics Facility  
  130  10:53  Zealot x6  
  130  10:54  Zealot  
  144  11:00  Gateway  
  144  11:01  Gateway  
  144  11:06  Probe x2  
  144  11:08  Probe  
  147  11:13  High Templar  
  147  11:14  High Templar x2  
  153  11:19  High Templar  
  153  11:23  Probe  
  153  11:24  Probe, Pylon, Assimilator  
  157  11:26  Stalker x2  
  157  11:31  Warp Prism (Chrono Boost)  
  163  11:34  Stalker  
  165  11:50  Stalker x3  
  165  11:51  Stalker x2  
  175  11:57  Assimilator  
  175  12:00  Stargate  
  175  12:07  Tempest  
  179  12:19  Dark Templar, Adept x3  
  187  12:28  Stalker x3  
  193  12:34  Mothership Core  
  185  12:37  Stalker  
  185  12:38  Stalker  
  189  12:47  Stalker  
  189  12:48  Stalker x2  
  189  12:49  Tempest  
  199  12:57  Tempest  
  197  13:18  Dark Templar  
  191  13:32  Tempest  
  179  13:38  Stalker x4  
  179  13:40  Tempest  
  191  13:55  Nexus  
  191  13:59  Zealot x3  
  193  14:04  Zealot  
  195  14:14  Protoss Ground Weapons Level 2  
  188  14:28  Tempest  
  181  14:58  Pylon  
  172  15:06  Tempest  
  163  15:11  Tempest  
  159  15:18  Dark Templar x2  
  161  15:32  Dark Templar x2  
  161  15:47  Zealot x2  
  117  16:09  Dark Templar, Zealot x5  
  125  16:15  Nexus  
  125  16:24  Mothership Core  
  127  16:31  Zealot x3  
  133  16:37  Stalker  
  115  17:02  Archon  
Show
View Real Time Build Order
Export as new Build Order

MarineLorD Terran 

Build Orders:  

Get SALT Encoding   

  12  0:00  SCV  
  13  0:12  SCV  
  14  0:17  Supply Depot  
  14  0:25  SCV  
  15  0:39  SCV  
  15  0:41  Barracks  
  16  0:45  Refinery  
  16  0:51  SCV  
  17  1:03  SCV  
  18  1:15  SCV  
  19  1:27  Orbital Command  
  19  1:28  Barracks Reactor  
  19  1:40  Command Center  
  19  1:49  Supply Depot  
  19  1:53  SCV  
  20  2:04  Marine x2  
  20  2:05  SCV  
  23  2:12  Factory  
  23  2:17  SCV  
  23  2:22  Marine x2  
  26  2:29  SCV  
  27  2:32  Refinery  
  27  2:38  Supply Depot  
  27  2:40  Marine  
  27  2:41  SCV  
  29  2:53  SCV  
  29  2:55  Orbital Command  
  29  2:56  Factory Tech Lab, Marine  
  29  2:58  Marine  
  31  3:05  SCV  
  31  3:08  Starport  
  32  3:14  Marine  
  32  3:15  Orbital Command  
  32  3:16  Marine  
  34  3:21  Cyclone  
  34  3:24  SCV  
  38  3:29  Supply Depot  
  38  3:35  Marine x2  
  38  3:36  SCV  
  38  3:40  SCV  
  42  3:47  Supply Depot  
  42  3:48  SCV  
  42  3:50  Bunker  
  43  3:56  Viking  
  43  3:58  SCV  
  43  4:00  SCV  
  47  4:06  Siege Tank  
  50  4:10  SCV  
  50  4:12  SCV, Marine  
  50  4:13  Marine  
  54  4:18  Supply Depot  
  54  4:24  Supply Depot  
  54  4:25  SCV x2  
  56  4:32  Marine x2  
  56  4:37  SCV  
  56  4:38  SCV  
  60  4:39  Siege Tank  
  63  4:49  SCV  
  63  4:50  SCV  
  63  4:52  Marine x2  
  70  5:01  SCV  
  70  5:03  SCV, Supply Depot  
  70  5:05  Supply Depot  
  69  5:15  SCV  
  69  5:16  Starport  
  69  5:17  Refinery  
  69  5:18  Refinery  
  70  5:21  Barracks Reactor  
  70  5:22  Viking x2  
  70  5:24  SCV  
  70  5:25  Hellion  
  70  5:27  SCV  
  78  5:30  Engineering Bay  
  78  5:36  SCV  
  78  5:39  SCV  
  80  5:48  SCV  
  81  5:51  SCV  
  81  5:52  Viking x2  
  86  6:00  SCV  
  87  6:06  Siege Tank  
  88  6:13  Viking x2  
  91  6:19  Command Center  
  91  6:22  Viking  
  93  6:27  Supply Depot  
  93  6:28  Supply Depot  
  93  6:31  Supply Depot  
  93  6:35  Viking  
  98  6:40  Siege Tank  
  98  6:42  SCV x2  
  98  6:43  Viking  
  100  6:54  SCV x2  
  100  6:57  Viking  
  103  7:02  Supply Depot  
  103  7:03  Terran Infantry Weapons Level 1  
  103  7:04  Barracks Tech Lab, Liberator  
  103  7:06  SCV x2  
  105  7:12  Barracks  
  105  7:15  Barracks  
  105  7:18  SCV x2  
  105  7:19  Viking  
  112  7:30  SCV x2  
  112  7:31  Orbital Command  
  114  7:42  SCV  
  115  7:44  Missile Turret, Marine  
  115  7:47  SCV, Liberator  
  115  7:48  Liberator  
  116  7:53  Factory Reactor, Liberator  
  116  7:54  SCV  
  116  7:58  SCV  
  118  7:59  SCV  
  118  8:03  Marauder  
  125  8:06  SCV  
  125  8:11  SCV  
  131  8:17  Orbital Command  
  131  8:18  SCV  
  131  8:23  SCV  
  132  8:27  Refinery  
  132  8:28  Refinery  
  132  8:31  SCV, Supply Depot  
  133  8:43  SCV  
  133  8:45  Marine  
  133  8:46  Liberator x3  
  129  8:51  Missile Turret  
  129  8:54  Missile Turret  
  119  9:05  SCV x2  
  119  9:07  SCV  
  131  9:15  Terran Infantry Armor Level 1  
  129  9:17  SCV  
  129  9:18  SCV  
  129  9:19  SCV  
  129  9:23  Marine  
  129  9:24  Marauder x2, Marine  
  132  9:25  Combat Shields  
  132  9:26  Stimpack  
  132  9:29  SCV  
  132  9:30  SCV  
  134  9:31  SCV  
  117  9:42  SCV x2  
  117  9:43  SCV  
  104  9:48  Marauder  
  105  9:54  SCV x2  
  105  9:55  SCV  
  105  9:57  Marauder  
  110  10:00  Supply Depot  
  110  10:02  Supply Depot  
  110  10:06  SCV x2  
  112  10:08  SCV  
  112  10:09  Barracks x2  
  113  10:14  Marauder, Marine x2  
  113  10:18  SCV x2  
  113  10:20  SCV  
  118  10:27  Marine  
  119  10:30  SCV x2  
  119  10:32  SCV, Medivac x2  
  126  10:36  Medivac  
  126  10:37  Medivac  
  126  10:42  SCV, Armory  
  131  10:45  Engineering Bay  
  131  10:46  SCV  
  131  10:47  SCV  
  133  10:51  Supply Depot  
  133  10:52  Supply Depot  
  133  10:54  SCV, Marine x2  
  133  10:55  Supply Depot, Liberator  
  136  10:57  Barracks Tech Lab  
  136  10:58  Barracks Reactor  
  136  11:00  Marine  
  136  11:02  Marauder  
  139  11:17  Command Center, Marauder, Marine x2  
  139  11:18  Marine  
  146  11:23  Marine  
  148  11:27  Concussive Shells  
  154  11:33  Terran Infantry Weapons Level 2, Missile Turret, Terran Infantry Armor Level 2  
  154  11:34  Liberator  
  154  11:35  Marine  
  154  11:37  Marine x4  
  154  11:38  Marine  
  154  11:41  Marine  
  155  11:48  Ghost Academy  
  155  11:53  Marine  
  159  11:55  Marine x2  
  159  11:56  Marauder  
  159  11:57  Marine  
  159  11:58  Marauder  
  166  12:03  Marauder  
  167  12:11  Marine  
  167  12:12  Marine  
  167  12:15  Supply Depot  
  169  12:17  Marauder  
  169  12:19  Marauder  
  173  12:25  Marine, Marauder  
  173  12:26  Marine, Liberator  
  173  12:29  Marine  
  173  12:30  Marine  
  171  12:38  Marauder  
  171  12:40  Marine  
  171  12:43  Marine  
  178  12:45  Marine  
  178  12:46  Marauder  
  181  12:52  Marine  
  181  12:53  Marine  
  183  12:58  Marauder  
  183  13:00  Marauder  
  183  13:01  Marine  
  183  13:03  Marine  
  187  13:07  Viking x2  
  187  13:08  Viking  
  190  13:15  Marauder, Marine  
  190  13:18  Marine x2  
  195  13:23  Marauder  
  195  13:24  Marauder, Marine  
  188  13:37  Marine  
  188  13:38  Marine  
  188  13:40  Marine  
  193  13:42  Marine  
  182  13:55  Marine  
  182  13:56  Viking x3  
  183  14:03  Missile Turret  
  183  14:11  Viking  
  183  14:14  Marine x2  
  185  14:21  Marine x3  
  185  14:22  Marine, Marauder  
  176  14:26  Viking  
  172  14:32  Marine x2  
  168  14:40  Viking  
  166  14:46  Viking  
  154  14:56  Viking x2  
  142  15:10  Viking  
  142  15:12  Marauder  
  140  15:16  Viking  
  142  15:21  Marauder  
  142  15:26  Medivac  
  141  15:30  Missile Turret  
  141  15:34  Viking  
  143  15:39  Viking  
  141  15:45  Marine  
  141  15:46  Viking, Marine  
  141  15:49  Marine  
  142  15:53  Marauder  
  142  15:56  Marine  
  107  15:58  Marine  
  107  15:59  Marine  
  107  16:03  Marine  
  90  16:05  Marine  
  90  16:08  Marine  
  79  16:13  Marine  
  79  16:16  Viking  
  82  16:22  Marine x2  
  76  16:29  Viking  
  72  16:40  Marine  

Tags
 
Add a new tag
Caveats
  • Supply blocks, unpowered buildings, or Contaminate may cause inaccurate times.
  • Supply counts are checked every 10 seconds.